 Dungeon Crawl Stone Soup version 0.31-a0-188-g5e087ee2ca (webtiles) character file.

Game seed: 18266854839487331458

400 qw the Skirmisher (level 6, -11/35 HPs)
             Began as a Deep Elf Hunter on June 23, 2023.
             Shot with an arrow by a centaur (14 damage)
             ... on level 5 of the Dungeon.
             The game lasted 00:01:56 (3759 turns).

qw the Skirmisher (Deep Elf Hunter)                 Turns: 3759, Time: 00:01:57

Health: -11/35     AC:  7    Str: 10    XL:     6   Next: 54%
Magic:  8/8        EV: 11    Int: 14    God:
Gold:   89         SH:  0    Dex: 18    Spells: 5/5 levels left

rFire   . . .        Y - +0 shortbow
rCold   . . .        (shield currently unavailable)
rNeg    . . .        d - +0 ring mail
rPois   .            (no helmet)
rElec   .            (no cloak)
rCorr   .            j - +0 pair of gloves
SInv    .            b - +0 pair of boots
Will    .....        (no amulet)
Stlth   +            (no ring)
HPRegen 0.25/turn    (no ring)
MPRegen 0.11/turn

%: no passive effects
@: no status effects
A: no striking features
a: no special abilities


You were on level 5 of the Dungeon.
You visited 1 branch of the dungeon, and saw 5 of its levels.

You collected 168 gold pieces.
You spent 79 gold pieces at shops.


   Skills:
 - Level 2.2 Fighting
 + Level 9.8 Ranged Weapons
 - Level 1.1 Armour
 - Level 2.4 Dodging
 - Level 1.2 Stealth


You had 5 spell levels left.
You didn't know any spells.
Your spell library was empty.

Inventory:

Hand Weapons
 Y - a +0 shortbow (weapon)
Armour
 b - a +0 pair of boots (worn)
 d - a +0 ring mail (worn)
 j - a +0 pair of gloves (worn)
Scrolls
 a - a scroll of identify
Potions
 k - a potion of haste {unknown}

Dungeon Overview and Level Annotations

Branches:
Dungeon (5/15)
 Temple: D:4-7

Altars:

Shops:
D:1 *   D:3 *

Annotations:
D:4 1 runed translucent door, qw's ghost, amateur DEHu


Message History

You climb upwards.
Level annotation: 1 runed translucent door, qw's ghost, amateur DEHu
There is a stone staircase leading down here.
You start resting.
HP restored.
Could not explore, unopened runed door.
(D) Dungeon
Where to? (* - list waypoints, Enter - D:5, ? - help)
What level of the Dungeon? (default 1, ? - help)
There is a stone staircase leading down here.
You climb downwards.
There is a stone staircase leading up, spattered with blood here.
The centaur shoots an arrow.
The arrow hits you!
You see here a bubbling yellow potion.
You shoot an arrow.
The arrow hits the centaur but does no damage.
The centaur shoots an arrow.
The arrow hits you!
You shoot an arrow.
The arrow hits the centaur but does no damage.
The centaur shoots an arrow.
The arrow hits you!
The centaur shoots an arrow.
The arrow hits you.
3755 ||| DRINKING potion of heal wounds.
You feel much better.
The centaur shoots an arrow.
The arrow hits you!
You shoot an arrow. The arrow hits the centaur!
The centaur is heavily wounded.
The centaur shoots an arrow.
The arrow hits you!
The centaur shoots an arrow.
The arrow closely misses you.
You shoot an arrow. The arrow hits the centaur.
The centaur is heavily wounded.
The centaur shoots an arrow.
The arrow hits you.
You shoot an arrow. The arrow hits the centaur.
The centaur is severely wounded.
The centaur shoots an arrow.
The arrow hits you.
The centaur shoots an arrow.
The arrow closely misses you.
You shoot an arrow. The arrow hits the centaur.
The centaur is almost dead.
The centaur shoots an arrow.
The arrow hits you.
The centaur shoots an arrow.
The arrow hits you!
You die...

##...........##
##.............##
#...............##
c.........<.......
#.................
..................
#.......?..)......
#.................
##.....@..........
##$.$..#.........
########........
$...... ######


You could see a centaur.

Vanquished Creatures
  A scorpion (D:4)
  A hound (D:4)
  2 orc priests (D:4)
  An orc wizard (D:4)
  4 gnolls (D:4)
  8 adders
  3 worms
  4 dart slugs
  6 orcs
  9 bats
  11 endoplasms
  4 giant cockroaches
  11 hobgoblins
  3 jackals
  5 quokkas
  4 ball pythons
  A frilled lizard (D:1)
  6 goblins
  9 kobolds
  4 rats
97 creatures vanquished.

Notes
Turn   | Place    | Note
-------+----------+-------------------------------------------
     0 | D:1      | qw the Deep Elf Hunter began the quest for the Orb.
     0 | D:1      | Reached XP level 1. HP: 12/12 MP: 3/3
     0 | D:1      | 0 ||| qw: Version: 0.3-a-9-g12657ce
     0 | D:1      | 0 ||| qw: Game counter: 3250
     0 | D:1      | 0 ||| qw: Always use a shield: true
     0 | D:1      | 0 ||| qw: God list: Okawaru
     0 | D:1      | 0 ||| qw: Allow faded altars: false
     0 | D:1      | 0 ||| qw: Do Orc after D:15 true
     0 | D:1      | 0 ||| qw: Do second Lair branch before Depths: true
     0 | D:1      | 0 ||| qw: Lair rune preference: random
     0 | D:1      | 0 ||| qw: Plans: Normal
     0 | D:1      | 0 ||| PLANNING D:1-11
    45 | D:1      | Reached skill level 6 in Ranged Weapons
    45 | D:1      | Reached XP level 2. HP: 16/16 MP: 4/4
   202 | D:1      | Found Qithram's Assorted Antiques.
   217 | D:1      | 217 ||| SHOPLISTING blackened golden ring (155 gold, have
                  | 30).
   217 | D:1      | 217 ||| BUYING golden potion (27 gold).
   217 | D:1      | Bought a golden potion for 27 gold pieces
   217 | D:1      | 217 ||| SHOPLISTING ring mail (124 gold, have 3).
   217 | D:1      | 217 ||| SHOPLISTING scroll labelled NOITRI BELOMISMEORR (31
                  | gold, have 3).
   217 | D:1      | 217 ||| SHOPLISTING silvery potion (27 gold, have 3).
   310 | D:1      | Found a faded altar of an unknown god.
   373 | D:1      | Reached XP level 3. HP: 20/20 MP: 5/5
   519 | D:1      | 519 ||| READING scroll labelled OFEDITW VOSYE.
   520 | D:1      | 520 ||| READING scroll labelled MIUCEFARER.
   521 | D:1      | 521 ||| DROPPING scroll of butterflies.
   523 | D:1      | 523 ||| Stepping ~*~*~tactically~*~*~ (cloud).
   527 | D:1      | HP: 5/20 [poisoned by you (poison gas)]
   531 | D:1      | HP: 2/20 [poisoned by you (poison gas)]
   645 | D:2      | 645 ||| STAIRDANCE
   765 | D:2      | Reached skill level 7 in Ranged Weapons
  1228 | D:2      | Reached XP level 4. HP: 25/25 MP: 6/6
  1329 | D:2      | 1329 ||| UPGRADING to +0 scale mail.
  1339 | D:2      | 1339 ||| DROPPING +0 leather armour.
  1611 | D:3      | Found Ukunug's General Store.
  1620 | D:3      | 1620 ||| BUYING +0 ring mail (52 gold).
  1620 | D:3      | Bought a +0 ring mail for 52 gold pieces
  1620 | D:3      | 1620 ||| SHOPLISTING scroll of enchant weapon (97 gold,
                  | have 12).
  1620 | D:3      | 1620 ||| SHOPLISTING scroll of teleportation (39 gold, have
                  | 12).
  1747 | D:3      | Reached skill level 8 in Ranged Weapons
  2142 | D:3      | 2142 ||| UPGRADING to +0 ring mail.
  2152 | D:3      | 2152 ||| DROPPING +0 scale mail.
  2153 | D:3      | 2153 ||| UPGRADING to +0 pair of gloves.
  2158 | D:3      | 2158 ||| READING scroll labelled NOITRI BELOMISMEORR.
  2159 | D:3      | 2159 ||| READING scroll labelled FACZAQ MOOMA.
  2162 | D:3      | 2162 ||| READING scroll labelled NORORA EN URERECH.
  2163 | D:3      | 2163 ||| READING 2 scrolls of identify.
  2163 | D:3      | 2163 ||| IDENTIFYING golden potion
  2181 | D:4      | 2181 ||| STAIRDANCE
  2193 | D:4      | 2193 ||| STAIRDANCE
  2200 | D:3      | Reached XP level 5. HP: 22/29 MP: 7/7
  2261 | D:4      | Reached skill level 9 in Ranged Weapons
  2466 | D:4      | 2466 ||| FLEEEEING.
  2467 | D:4      | 2467 ||| FLEEEEING.
  2468 | D:4      | 2468 ||| FLEEEEING.
  2469 | D:4      | 2469 ||| STAIRDANCE
  2491 | D:3      | 2491 ||| READING scroll labelled PETAAKK JANELI.
  2492 | D:3      | 2492 ||| DRINKING 2 metallic clear potions.
  2493 | D:3      | 2493 ||| DROPPING potion of attraction.
  2521 | D:4      | Reached XP level 6. HP: 10/35 MP: 8/8
  2530 | D:4      | 2530 ||| FLEEEEING.
  2535 | D:4      | 2535 ||| STAIRDANCE
  2710 | D:4      | Found a runed translucent door.
  2748 | D:4      | Noticed qw's ghost (amateur DEHu)
  2832 | D:4      | 2832 ||| FLEEEEING.
  2833 | D:4      | 2833 ||| FLEEEEING.
  2834 | D:4      | 2834 ||| FLEEEEING.
  2835 | D:4      | 2835 ||| FLEEEEING.
  2836 | D:4      | 2836 ||| FLEEEEING.
  2837 | D:4      | 2837 ||| FLEEEEING.
  2838 | D:4      | 2838 ||| FLEEEEING.
  2839 | D:4      | 2839 ||| FLEEEEING.
  2840 | D:4      | 2840 ||| FLEEEEING.
  2841 | D:4      | 2841 ||| FLEEEEING.
  2842 | D:4      | 2842 ||| FLEEEEING.
  2843 | D:4      | 2843 ||| FLEEEEING.
  2844 | D:4      | 2844 ||| FLEEEEING.
  2845 | D:4      | 2845 ||| FLEEEEING.
  2846 | D:4      | 2846 ||| FLEEEEING.
  2847 | D:4      | 2847 ||| FLEEEEING.
  2848 | D:4      | 2848 ||| FLEEEEING.
  2849 | D:4      | 2849 ||| FLEEEEING.
  2850 | D:4      | 2850 ||| FLEEEEING.
  2851 | D:4      | 2851 ||| FLEEEEING.
  2852 | D:4      | 2852 ||| FLEEEEING.
  2853 | D:4      | 2853 ||| STAIRDANCE
  2878 | D:3      | 2878 ||| UPGRADING to +0 pair of boots.
  2883 | D:3      | 2883 ||| READING 2 scrolls of identify.
  2883 | D:3      | 2883 ||| IDENTIFYING pink potion
  2884 | D:3      | 2884 ||| DROPPING potion of degeneration.
  2887 | D:4      | 2887 ||| STAIRDANCE
  3359 | D:5      | Entered Level 5 of the Dungeon
  3367 | D:5      | 3367 ||| STAIRDANCE
  3372 | D:4      | Reached skill level 1 in Armour
  3448 | D:5      | 3448 ||| STAIRDANCE
  3573 | D:5      | 3573 ||| STAIRDANCE
  3653 | D:5      | 3653 ||| STAIRDANCE
  3754 | D:5      | HP: 8/35 [centaur/arrow (5)]
  3755 | D:5      | 3755 ||| DRINKING potion of heal wounds.
  3759 | D:5      | HP: 3/35 [centaur/arrow (6)]
  3759 | D:5      | Shot with an arrow by a centaur

Levels and vault maps discovered:
D:1:      elethiomel_arrival_quiet, layout_rooms, serial_shops, shop,
          serial_curves, eino_curves_03, eino_curves_03, eino_curves_03,
          hellmonk_ecumenical_altar_run_dry
D:2:      minmay_skewed_foursquare, layout_basic
D:3:      layout_loops_ring, serial_shops, nicolae_shop_tiny_glass,
          kennysheep_donut, minmay_surrounded
D:4:      layout_basic, hellmonk_ghost_happy_afterlife
D:5:      layout_rooms, temple_fountains, grunt_ministairs_15

Skill      XL: |  1  2  3  4  5  6 |
---------------+-------------------+-----
Ranged Weapons | 6 7 8 9 |  9.8
Fighting       | 2 |  2.2
Armour         | 1 |  1.1
Dodging        | |  2.4
Stealth        | |  1.2

Action                     |  1- 3 |  4- 6 || total
---------------------------+-------+-------++-------
   Fire: Shortbow          |   111 |   231 ||   342
    Use: Scroll            |     2 |     6 ||     8
         Potion            |       |     2 ||     2
 Armour: Leather armour    |    10 |       ||    10
         Scale mail        |       |    34 ||    34
         Ring mail         |       |    23 ||    23
  Dodge: Dodged            |    31 |    87 ||   118

Table legend:
 A = Non-vault XP
 B = Vault XP
 C = Vault XP percentage of total XP
 D = Non-vault monster count
 E = Vault monster count
 F = Vault count percentage of total count
                 A         B        C        D         E       F
            +---------+---------+-------+---------+---------+-------
      Total |     558 |      14 |   2.4 |      88 |       9 |   9.3
            +---------+---------+-------+---------+---------+-------
        D:1 |      46 |       0 |   0.0 |      25 |       0 |   0.0
        D:2 |      47 |       7 |  13.0 |      15 |       5 |  25.0
        D:3 |     101 |       7 |   6.5 |      22 |       4 |  15.4
        D:4 |     364 |       0 |   0.0 |      26 |       0 |   0.0
            +---------+---------+-------+---------+---------+-------
